 Dungeon Crawl Stone Soup version 0.23-a0-577-g2b1de94 (webtiles) character file.

3448 MalarOregon the Spear-Bearer (level 10, -6/76 HPs)
             Began as a Merfolk Gladiator on Dec 14, 2018.
             Was a Believer of Makhleb.
             Mangled by a yak (28 damage)
             ... on level 8 of the Dungeon.
             The game lasted 00:27:17 (7963 turns).

MalarOregon the Spear-Bearer (Merfolk Gladiator)    Turns: 7963, Time: 00:27:19

Health: -6/76      AC:  7    Str: 14    XL:     10   Next: 6%
Magic:  14/14      EV: 17    Int: 12    God:    Makhleb [**....]
Gold:   53         SH:  0    Dex: 15    Spells: 13/14 levels left

rFire    . . .     SeeInvis .   a - +0 trident
rCold    . . .     Gourm    .   (no shield)
rNeg     . . .     Faith    .   b - +2 leather armour
rPois    .         Spirit   .   c - +0 helmet
rElec    .         Reflect  .   j - scarf {cloud immunity}
rCorr    .         Harm     .   i - +0 pair of gloves
MR       .....                  (no boots)
Stlth    +.........             h - amulet of regeneration
HPRegen  0.62/turn              (no ring)
MPRegen  0.14/turn              (no ring)

@: sleeping
A: change form in water, swift swim, stealthy swim
a: Minor Destruction, Renounce Religion


You were on level 8 of the Dungeon.
You worshipped Makhleb.
Makhleb was pleased with you.
You were not hungry.

You visited 2 branches of the dungeon, and saw 9 of its levels.
You also visited: Sewer.

You collected 283 gold pieces.
You spent 230 gold pieces at shops.

Inventory:

Hand Weapons
 a - a +0 trident (weapon)
 C - the cursed +2 mace "MalarOregon's Doom" {freeze, MR+ Stlth+, unknown}
   (You found it on level 7 of the Dungeon)

   It has been specially enchanted to freeze those struck by it, causing extra
   injury to most foes and up to half again as much damage against particularly
   susceptible opponents.
   It can also slow down cold-blooded creatures.
   It affects your resistance to hostile enchantments.
   It makes you more stealthy.
   It has a curse placed upon it.
Missiles
 g - 372 stones
 k - 19 tomahawks (quivered)
Armour
 b - a +2 leather armour (worn)
 c - a +0 helmet (worn)
 i - a +0 pair of gloves (worn)
   (You found it on level 4 of the Dungeon)
 j - a scarf of cloud immunity (worn)
   (You found it on level 1 of the Dungeon)
Jewellery
 h - an amulet of regeneration (around neck)
   (You found it on level 5 of the Dungeon)
Wands
 d - a wand of iceblast (10)
   (You found it on level 5 of the Dungeon)
 u - a wand of paralysis (4)
   (You found it on level 6 of the Dungeon)
 v - a wand of digging (12)
   (You found it on level 3 of the Dungeon)
Scrolls
 f - 4 scrolls of remove curse {@r2}
 m - 4 scrolls of teleportation {@r4}
 s - 2 scrolls of blinking
 x - 2 scrolls of magic mapping
 y - 2 scrolls of identify {@r1}
Potions
 l - 2 potions of heal wounds {@q2}
 n - a potion of haste {@q3}
 o - 6 potions of curing {@q1}
 q - 2 potions of magic
 r - 3 potions of flight
 t - a potion of experience {unknown}
 w - 2 potions of resistance
 z - a potion of might
 A - 2 potions of lignification {!q}
 B - a potion of cancellation {unknown}
Comestibles
 e - 12 rations {!d}


   Skills:
 + Level 5.9 Fighting
 * Level 10.9 Polearms
 - Level 4.1 Throwing
 - Level 4.3 Armour
 + Level 7.8 Dodging
 * Level 2.6 Spellcasting
 * Level 2.9 Hexes
 - Level 5.0 Invocations


You had 13 spell levels left.
You knew the following spells:

 Your Spells              Type           Power        Failure   Level  Hunger
a - Confusing Touch       Hex            #.....       10%         1    #......

Your spell library contained the following spells:

 Spells                   Type           Power        Failure   Level  Hunger
 Animate Skeleton         Necr           N/A          30%         1    #......
 Apportation              Tloc           #.....       30%         1    #......
 Summon Small Mammal      Summ           #...         30%         1    #......
 Poisonous Vapours        Pois/Air       #.....       43%         2    ###....
 Conjure Flame            Conj/Fire      #.......     67%         3    ###....
 Mephitic Cloud           Conj/Pois/Air  #.......     67%         3    ###....
 Freezing Cloud           Conj/Ice/Air   #.........   100%        6    #######
 Ring of Flames           Chrm/Fire      #.........   100%        7    #######


Dungeon Overview and Level Annotations

Branches:
Dungeon (8/15)             Temple (1/1) D:4
   Lair: D:8-11

Altars:
Ashenzari
Cheibriados
Dithmenos
Elyvilon
Fedhas
Gozag
Hepliaklqana
Kikubaaqudgha
Makhleb
Nemelex Xobeh
Okawaru
Qazlal
Ru
Sif Muna
Uskayaw
Xom
Yredelemnul
Zin
The Shining One

Shops:
D:4 =   D:6 !


Message History

The big kobold closely misses you.
You barely miss the big kobold.
The dream sheep bleats!
You miss the big kobold. The big kobold closely misses you.
A yak comes into view.
You closely miss the big kobold. The big kobold closely misses you.
Unknown command.
You puncture the big kobold! You hit the big kobold.
The big kobold closely misses you.
You hit the big kobold but do no damage.
The dream sheep ruffles its wool and motes of dream dust sparkle, to no effect.
The big kobold barely misses you.
You puncture the big kobold!
Wear which item? (? for menu, Esc to quit)
Okay, then.
You hit the big kobold but do no damage.
The big kobold hits you but does no damage.
You hit the big kobold. The big kobold misses you.
You hit the big kobold.
You kill the big kobold!
Makhleb accepts your kill.
You closely miss the yak. The yak completely misses you.
Your hands begin to glow red.
The dream sheep barely misses you. The yak gores you!
You hit the dream sheep but do no damage.
The dream sheep appears confused.
You hit the dream sheep. The dream sheep closely misses you. The yak gores you!
You catch the helpless dream sheep completely off-guard!
You hit the dream sheep. The dream sheep misses you. The yak gores you.
You hit the dream sheep.
The dream sheep bites you but does no damage.
The yak gores you!
* * * LOW HITPOINT WARNING * * *
You hit the dream sheep. The yak gores you.
* * * LOW HITPOINT WARNING * * *
The dream sheep ruffle their wool and motes of dream dust sparkle, to no The yak closely misses you.
The dream sheep ruffle their wool and motes of dream dust sparkle, to no The yak barely misses you.
The dream sheep bites you.
* * * LOW HITPOINT WARNING * * *
The big kobold hits you but does no damage.
The dream sheep seems less confused.
The dream sheep bites you!
* * * LOW HITPOINT WARNING * * *
The dream sheep shake their wool and sparkle.
You feel drowsy...
You fall asleep.
The yak misses you. The dream sheep barely misses you.
The yak closely misses you. The dream sheep closely misses you.
The yak gores you!!
You die...

...##.......#..PY.K≈P#
............#.%.Y.P≈≈#
............#......≈P#
............#.≈.≈.≈PP#
............####(#
...........##)...#
..#.......K..##.### .
#.....##Y.......#
.)...<#.@YY...##...#
#....>...Y####....##
#.#.##....# ...## #
#....# .## #...... .#
#.###.## . #. ## .# ..


You could see 2 yaks, a big kobold and 2 dream sheep.

Vanquished Creatures
  Pikel (D:5)
  A hungry ghost (D:7)
  An orc warrior (D:7)
  A black bear (D:6)
  A sky beast (D:5)
  A phantom (D:6)
  4 slaves (D:5)
  A necrophage (D:7)
  3 ogres
  2 centaurs (D:5)
  2 big kobolds
  The ghost of Lanoc the Conjurer, an amateur DECj (D:3)
  2 bullfrogs
  5 scorpions
  3 crimson imps
  A bullfrog skeleton (D:6)
  A quasit (D:6)
  2 bullfrog zombies (D:5)
  2 hounds
  13 orc wizards
  Crazy Yiuf (D:6)
  5 orc priests
  Jessica (D:2)
  8 worker ants
  A killer bee zombie (D:6)
  Robin (D:2)
  A howler monkey skeleton (D:4)
  15 adders
  A river rat (Sewer)
  An ooze (D:2)
  4 adder skeletons
  5 worms
  4 dart slugs
  3 leopard geckos
  36 orcs
  A ball python (D:5)
  7 giant cockroaches
  12 goblins
  12 hobgoblins
  6 jackals
  17 kobolds
  A quokka (D:4)
  4 bats
  5 frilled lizards
  A goblin skeleton (D:6)
  A goblin zombie (D:6)
  2 hobgoblin zombies (D:6)
  2 kobold skeletons (D:6)
  4 kobold zombies (D:6)
  3 leopard gecko zombies
  An orc skeleton (D:6)
  An orc zombie (D:6)
  A quokka skeleton (D:4)
  13 rats
  2 fungi (D:6)
231 creatures vanquished.

Vanquished Creatures (others)
  An orc wizard (D:5)
  An orc (D:6)
2 creatures vanquished.

Grand Total: 233 creatures vanquished

Notes
Turn   | Place    | Note
-------+----------+-------------------------------------------
     0 | D:1      | MalarOregon the Merfolk Gladiator began the quest for the
                  | Orb.
     0 | D:1      | Reached XP level 1. HP: 16/16 MP: 1/1
   163 | D:1      | Reached XP level 2. HP: 22/22 MP: 2/2
   645 | D:1      | Reached skill level 5 in Polearms
   659 | D:1      | Reached XP level 3. HP: 25/28 MP: 3/3
   832 | D:1      | Reached skill level 1 in Armour
  1067 | D:2      | Noticed Jessica
  1071 | D:2      | Killed Jessica
  1071 | D:2      | Reached XP level 4. HP: 25/34 MP: 4/4
  1287 | D:2      | Found a snail-covered altar of Cheibriados.
  1404 | D:2      | Noticed Robin
  1495 | D:2      | Killed Robin
  1503 | D:2      | Reached XP level 5. HP: 29/40 MP: 5/5
  1997 | D:3      | Found a shadowy altar of Dithmenos.
  2134 | D:3      | Reached skill level 6 in Polearms
  2342 | D:3      | Reached XP level 6. HP: 27/47 MP: 6/6
  2461 | D:3      | Found a large runed door.
  2461 | D:3      | Found a large runed door.
  2466 | D:3      | Reached skill level 5 in Dodging
  2482 | D:3      | Noticed Lanoc's ghost (amateur DECj)
  2929 | D:3      | Killed Lanoc's ghost
  3160 | D:4      | Reached XP level 7. HP: 15/52 MP: 7/7
  3190 | D:4      | Found a staircase to the Ecumenical Temple.
  3318 | D:4      | Found Cuwnypt's Jewellery Shop.
  3359 | D:4      | Reached skill level 7 in Polearms
  3528 | D:4      | HP: 2/53 [something/puff of flame (5)]
  3598 | D:4      | Found a glowing drain.
  3602 | Sewer    | Entered a sewer
  4001 | Sewer    | Found a white marble altar of Elyvilon.
  4313 | D:5      | Entered Level 5 of the Dungeon
  4360 | D:5      | Reached XP level 8. HP: 22/60 MP: 8/8
  4383 | Temple   | Entered the Ecumenical Temple
  4583 | Temple   | Became a worshipper of Makhleb the Destroyer
  4612 | D:5      | Reached skill level 8 in Polearms
  4621 | D:5      | Found a white marble altar of Elyvilon.
  4724 | D:5      | Reached skill level 1 in Invocations
  5548 | D:5      | Identified the cursed +3 short sword "Neobaom" {pain, +Fly
                  | rF- rC++ Dex+2}
  5571 | D:5      | Noticed Pikel
  5614 | D:5      | Killed Pikel
  5614 | D:5      | Reached skill level 5 in Fighting
  5614 | D:5      | Reached skill level 9 in Polearms
  5614 | D:5      | Reached XP level 9. HP: 47/68 MP: 9/11
  6137 | D:5      | Reached * piety under Makhleb
  6311 | D:6      | Reached skill level 10 in Polearms
  6404 | D:6      | Found a glowing golden altar of the Shining One.
  6458 | D:6      | Learned a level 1 spell: Confusing Touch
  6517 | D:6      | Found Ifeplas's Distillery.
  6525 | D:6      | Bought a potion of might for 40 gold pieces
  6525 | D:6      | Bought a potion of curing for 30 gold pieces
  6525 | D:6      | Bought a potion of lignification for 30 gold pieces
  6525 | D:6      | Bought a potion of resistance for 100 gold pieces
  6525 | D:6      | Bought a potion of curing for 30 gold pieces
  6933 | D:6      | Found a runed door.
  6937 | D:6      | Noticed Crazy Yiuf
  6947 | D:6      | Killed Crazy Yiuf
  7058 | D:7      | Reached skill level 1 in Hexes
  7065 | D:7      | Reached skill level 1 in Spellcasting
  7178 | D:7      | Reached skill level 5 in Invocations
  7180 | D:7      | Reached ** piety under Makhleb
  7469 | D:7      | Got a crystal mace
  7862 | D:7      | Reached XP level 10. HP: 76/76 MP: 13/13
  7963 | D:8      | Mangled by a yak

Vault maps used:
D:1:      lordsloth_arrival_two_stooges
D:2:      cheibriados_altar_1, chequers_serial_rivers_room_a, uniq_robin,
          uniq_jessica
D:3:      lemuel_round_altar, ebering_ghost_disaster_area, grunt_ministairs_9
D:4:      minmay_temple_entry_large_hall, first_ration, serial_shops, shop,
          gup_sewer_entry_bowl
D:5:      elyvilon_altar_5, grunt_ministairs_15, uniq_pikel
D:6:      serial_shops, shop_fountains, nicolae_tso_besieged_by_evil,
          uniq_crazy_yiuf_cottage
D:8:      grunt_temple_overflow_diamond, hangedman_ranch
Temple:   eino_temple_scatter_basement
Sewer:    sewer_kobolds

Skill      XL: |  1  2  3  4  5  6  7  8  9 |
---------------+----------------------------+-----
Polearms       | 5 6 7 9 10 | 10.9
Armour         | 1 2 3 4 |  4.3
Fighting       | 3 4 5 |  5.9
Dodging        | 5 6 7 |  7.8
Throwing       | 3 4 |  4.1
Invocations    | 3 5 |  5.0
Hexes          | 2 |  2.9
Spellcasting   | 2 |  2.6

Action                   |  1- 3 |  4- 6 |  7- 9 | 10-12 || total
-------------------------+-------+-------+-------+-------++-------
Melee: Trident           |    69 |   283 |   945 |    26 ||  1323
       Tailslap          |       |       |     3 |       ||     3
Throw: Stone             |    11 |    31 |     7 |       ||    49
       Tomahawk          |     3 |     3 |    13 |       ||    19
       Throwing net      |       |       |     3 |       ||     3
 Cast: Confusing Touch   |       |       |       |     1 ||     1
  Use: Scroll            |       |    13 |     6 |       ||    19
       Potion            |       |     2 |     1 |       ||     3
 Stab: Sleeping          |       |     1 |     3 |       ||     4
       Distracted        |       |     1 |       |       ||     1
       Held in net/web   |       |       |     2 |       ||     2
       Confused          |       |       |       |     1 ||     1
  Eat: Chunk             |     1 |     7 |    15 |       ||    23
       Ration            |       |       |     1 |     1 ||     2
Armor: Leather armour    |     5 |    47 |   217 |     3 ||   272
Dodge: Dodged            |    28 |   152 |   625 |    20 ||   825

Table legend:
 A = Non-vault XP
 B = Vault XP
 C = Vault XP percentage of total XP
 D = Non-vault monster count
 E = Vault monster count
 F = Vault count percentage of total count
                 A         B        C        D         E       F
            +---------+---------+-------+---------+---------+-------
      Total |    3649 |    1278 |  25.9 |     177 |      49 |  21.7
            +---------+---------+-------+---------+---------+-------
        D:1 |      41 |       0 |   0.0 |      22 |       0 |   0.0
        D:2 |      92 |      71 |  43.6 |      19 |      12 |  38.7
        D:3 |     178 |      98 |  35.5 |      33 |       3 |   8.3
        D:4 |     510 |      11 |   2.1 |      27 |       4 |  12.9
        D:5 |     940 |     772 |  45.1 |      28 |       3 |   9.7
        D:6 |     571 |      98 |  14.6 |      14 |      14 |  50.0
        D:7 |    1270 |       0 |   0.0 |      32 |       0 |   0.0
        D:8 |      47 |      97 |  67.4 |       2 |       1 |  33.3
      Sewer |       0 |     131 | 100.0 |       0 |      12 | 100.0
            +---------+---------+-------+---------+---------+-------
